 Dungeon Crawl Stone Soup version 0.26-a0-812-g31a745ddcd (webtiles) character file.

Game seed: 4799153055269800049

863 schauveau the Shield-Bearer (level 8, -1/49 HPs)
             Began as a Gargoyle Fighter on Nov 14, 2020.
             Was a Follower of Okawaru.
             Slain by a two-headed ogre
             ... wielding a +0 dire flail
              (7 damage)
             ... on level 5 of the Dungeon.
             The game lasted 00:07:36 (4965 turns).

schauveau the Shield-Bearer (Gargoyle Fighter)      Turns: 4965, Time: 00:07:36

Health: -1/49      AC: 17    Str: 22    XL:     8   Next: 2%
Magic:  8/8        EV:  7    Int:  9    God:    Okawaru [*.....]
Gold:   249        SH: 10    Dex:  9    Spells: 7/7 levels left

rFire    . . .     SeeInvis .   a - +0 war axe
rCold    . . .     Faith    .   c - +0 kite shield
rNeg     + . .     Spirit   .   b - +0 scale mail
rPois    ∞         Reflect  .   (no helmet)
rElec    +         Harm     .   v - +0 cloak
rCorr    .         Rampage  .   f - +2 pair of gloves
MR       .....                  (no boots)
Stlth    ..........             o - amulet of the acrobat
HPRegen  0.16/turn              (no ring)
MPRegen  0.11/turn              (no ring)

@: mighty
A: negative energy resistance 1, electricity resistance, unbreathing,
petrification resistance, rot immunity, AC +5
a: Heroism, Renounce Religion


You were on level 5 of the Dungeon.
You worshipped Okawaru.
Okawaru was aware of your devotion.
You visited 2 branches of the dungeon, and saw 6 of its levels.

You collected 249 gold pieces.

Inventory:

Hand Weapons
 a - a +0 war axe (weapon)
 l - a +0 flail
Armour
 b - a +0 scale mail (worn)
 c - a +0 kite shield (worn)
 f - a +2 pair of gloves (worn)
 v - a +0 cloak (worn)
Jewellery
 o - an amulet of the acrobat (around neck)
Scrolls
 e - 3 scrolls of teleportation
 h - 3 scrolls of remove curse
 j - 3 scrolls of enchant armour {unknown}
 n - 2 scrolls of immolation
 q - a scroll of blinking {unknown}
 t - 2 scrolls of amnesia {unknown}
 w - a scroll of identify
 x - 2 scrolls of magic mapping {unknown}
Potions
 d - a potion of might
 g - 3 potions of mutation
 i - a potion of lignification {unknown}
 k - 2 potions of brilliance
 m - a potion of curing {unknown}
 p - a potion of cancellation {unknown}
 r - a potion of heal wounds {unknown}
 s - a potion of flight {unknown}
 u - a potion of berserk rage {unknown}
 z - a potion of haste {unknown}


   Skills:
 + Level 5.3 Fighting
 * Level 5.3 Axes
 + Level 5.3 Armour
 + Level 5.4 Shields


You had 7 spell levels left.
You didn't know any spells.
Your spell library was empty.

Dungeon Overview and Level Annotations

Branches:
Dungeon (5/15)             Temple (1/1) D:4

Altars:
Cheibriados
Dithmenos
Elyvilon
Fedhas
Gozag
Hepliaklqana
Kikubaaqudgha
Nemelex Xobeh
Okawaru
Qazlal
Ru
Sif Muna
Trog
Zin
The Shining One


Innate Abilities, Weirdness & Mutations

You are resistant to torment.
Your stone body is resilient. (AC +5)
You are immune to poison.
You resist negative energy. (rN+)
You are resistant to electric shocks. (rElec)
You can survive without breathing.
You are immune to petrification.
You are immune to rotting.


Message History

You block the two-headed ogre's attack.
The two-headed ogre hits you with a +0 dire flail!
You hit the two-headed ogre.
The two-headed ogre is moderately wounded.
The two-headed ogre hits you but does no damage.
You block the two-headed ogre's attack.
You closely miss the two-headed ogre.
The two-headed ogre is moderately wounded.
The two-headed ogre barely misses you.
The two-headed ogre hits you but does no damage.
You block the two-headed ogre's attack.
The two-headed ogre hits you with a +0 dire flail.
You feel very mighty all of a sudden.
The two-headed ogre hits you with a +0 dire flail!
* * * LOW HITPOINT WARNING * * *
The two-headed ogre hits you but does no damage.
You barely miss the two-headed ogre.
The two-headed ogre is moderately wounded.
The two-headed ogre hits you with a +0 dire flail!
You die...

######.#
.....#.##
#........##
..........##
...........#
...........#
#..........##
##..........#
##.......@##
########O#
#Z. #...
..... .....#
.....#
......#


You could see a two-headed ogre and a centaur skeleton.

Vanquished Creatures
  A sky beast (D:5)
  2 ogres (D:5)
  A phantom (D:4)
  2 scorpions
  A hound (D:5)
  An orc wizard (D:4)
  Crazy Yiuf (D:3)
  An iguana (D:5)
  4 worker ants
  12 adders
  A white imp (D:5)
  2 dart slugs
  3 worms
  3 leopard geckos
  9 orcs
  7 bats
  2 giant cockroaches
  9 goblins
  8 hobgoblins
  2 frilled lizards (D:1)
  11 kobolds
  10 rats
93 creatures vanquished.

Notes
Turn   | Place    | Note
-------+----------+-------------------------------------------
     0 | D:1      | schauveau the Gargoyle Fighter began the quest for the Orb.
     0 | D:1      | Reached XP level 1. HP: 14/14 MP: 1/1
   185 | D:3      | Reached XP level 2. HP: 19/19 MP: 2/2
   296 | D:3      | Reached XP level 3. HP: 14/23 MP: 3/3
   533 | D:4      | Reached XP level 4. HP: 20/29 MP: 4/4
   784 | D:4      | Reached XP level 5. HP: 22/33 MP: 5/5
   789 | D:5      | Entered Level 5 of the Dungeon
   841 | D:5      | Reached XP level 6. HP: 10/38 MP: 6/6
  1365 | D:4      | Found a staircase to the Ecumenical Temple.
  1378 | Temple   | Entered the Ecumenical Temple
  1608 | Temple   | Became a worshipper of Warmaster Okawaru
  3461 | D:3      | Reached XP level 7. HP: 44/44 MP: 7/7
  3742 | D:3      | Found a runed translucent door.
  3743 | D:3      | Noticed Crazy Yiuf
  3750 | D:3      | Paralysed by Crazy Yiuf for 4 turns
  3756 | D:3      | Killed Crazy Yiuf
  3916 | D:4      | Found an ancient bone altar of Kikubaaqudgha.
  3917 | D:4      | Found a bloodstained altar of Trog.
  3917 | D:4      | Found a stormy altar of Qazlal.
  3917 | D:4      | Found a blossoming altar of Fedhas.
  4273 | D:4      | Reached * piety under Okawaru
  4444 | D:5      | Reached skill level 5 in Shields
  4579 | D:5      | Reached skill level 5 in Fighting
  4579 | D:5      | Reached skill level 5 in Armour
  4637 | D:5      | Reached skill level 5 in Axes
  4910 | D:5      | Reached XP level 8. HP: 43/49 MP: 8/8
  4955 | D:5      | Noticed a two-headed ogre
  4965 | D:5      | Slain by a two-headed ogre

Illustrated notes

Levels and vault maps discovered:
D:1:      arrival_zaba_pyramid, layout_basic
D:2:      layout_basic, grunt_ministairs_12
D:3:      layout_loops_ring, st_stairs_1, uniq_crazy_yiuf_cottage
D:4:      layout_cave_pods, chequers_temple_overflow_statue_of_worship,
          minmay_temple_entry_large_hall
D:5:      layout_cave_pods
Temple:   minmay_temple_curvy_loop

Skill      XL: |  1  2  3  4  5  6  7 |
---------------+----------------------+-----
Axes           | 2 3 4 5 |  5.3
Fighting       | 4 5 |  5.3
Armour         | 4 5 |  5.3
Shields        | 4 5 |  5.4

Action                   |  1- 3 |  4- 6 |  7- 9 || total
-------------------------+-------+-------+-------++-------
Melee: War axe           |    63 |   220 |   102 ||   385
  Use: Scroll            |       |     6 |       ||     6
       Potion            |       |       |     1 ||     1
Armor: Scale mail        |    47 |   136 |    59 ||   242
Dodge: Dodged            |    17 |    72 |    25 ||   114
Block: Kite shield       |    39 |   128 |    39 ||   206

Table legend: (Time is in decaauts)
 A = Elapsed time spent in this place.
 B = Non-inter-level travel time spent in this place.
 C = Inter-level travel time spent in this place.
 D = Time resting spent in this place.
 E = Time spent auto-exploring this place.
 F = Levels seen in this place.
 G = Mean time per level.
                   A        B        C        D        E       F      G
               +--------+--------+--------+--------+--------+-----+--------+
         Total |   5112 |   4841 |    271 |    771 |   2579 |   6 |  852.0 |
       Dungeon |   4858 |   4645 |    213 |    771 |   2389 |   5 |  971.6 |
        Temple |    254 |    196 |     58 |      0 |    190 |   1 |  254.0 |
               +--------+--------+--------+--------+--------+-----+--------+

Top non-repeatable levels by time:
     D:4: 1173 daAuts
     D:5: 979 daAuts
     D:2: 944 daAuts
     D:1: 884 daAuts
     D:3: 877 daAuts
  Temple: 254 daAuts
